 Dungeon Crawl Stone Soup version 0.24-a0-67-ga78bd38 (webtiles) character file.

Game seed: 13847904551026357149

11214 Ijustatesigmund the Cleaver (level 11, 0/97 HPs)
             Began as a Hill Orc Fighter on Feb 5, 2019.
             Slain by Azrael
             ... wielding a +0 scimitar of flaming
              (13 damage)
             ... on level 13 of the Dungeon.
             The game lasted 00:26:15 (15262 turns).

Ijustatesigmund the Cleaver (Hill Orc Fighter)     Turns: 15262, Time: 00:26:16

Health: 0/97       AC: 17    Str: 20    XL:     11   Next: 74%
Magic:  11/11      EV: 10    Int:  8    God:
Gold:   350        SH: 12    Dex: 13    Spells: 10/10 levels left

rFire    . . .     SeeInvis +   r - +14 obsidian axe {chop, +Fly SInv *Curse} (curse)
rCold    . . .     Gourm    .   c - +1 shield {reflect}
rNeg     . . .     Faith    .   b - +0 chain mail
rPois    .         Spirit   .   (no helmet)
rElec    .         Reflect  +   j - +0 cloak
rCorr    .         Harm     .   w - +2 pair of gloves
MR       .....                  A - +0 pair of boots
Stlth    ..........             (no amulet)
HPRegen  0.26/turn              i - ring of see invisible
MPRegen  0.12/turn              (no ring)

@: mesmerised
A: no striking features
a: Evoke Flight


You were on level 13 of the Dungeon.
You were very hungry.

You visited 2 branches of the dungeon, and saw 14 of its levels.

You collected 750 gold pieces.
You spent 400 gold pieces at shops.

Inventory:

Hand Weapons
 a - a +1 war axe
 p - a +0 flail of holy wrath
 r - the cursed +14 obsidian axe (weapon) {chop, +Fly SInv *Curse}
   (You acquired it on level 12 of the Dungeon)

   It inflicts extra damage upon your enemies.
   It lets you see invisible.
   It lets you fly.
   It curses itself when equipped.
   It has a curse placed upon it.
 v - a +4 hand axe of electrocution
Armour
 b - a +0 chain mail (worn)
 c - a +1 shield of reflection (worn)
 j - a +0 cloak (worn)
 w - a +2 pair of gloves (worn)
 A - a +0 pair of boots (worn)
Jewellery
 i - a ring of see invisible (left hand)
Wands
 g - a wand of iceblast (21)
 k - a wand of flame (37)
 n - a wand of disintegration (9)
 q - a wand of scattershot (11)
 t - a wand of polymorph (6)
 z - a wand of random effects (8)
Scrolls
 d - 3 scrolls of fog
 h - 13 scrolls of remove curse
 m - 2 scrolls of magic mapping
 x - a scroll of enchant weapon
 y - a scroll of identify
Potions
 e - 3 potions of flight
 l - 4 potions of curing
 o - 5 potions of brilliance
 s - a potion of agility
 u - a potion of haste
 C - a potion of ambrosia
Comestibles
 f - 22 rations


   Skills:
 + Level 9.4 Fighting
 + Level 13.2 Axes
 + Level 8.7 Armour
 - Level 7.1 Dodging
 + Level 8.6 Shields


You had 10 spell levels left.
You didn't know any spells.
Your spell library contained the following spells:

 Spells                   Type           Power        Failure   Level  Hunger
 Corona                   Hex            #......      100%        1    ##.....
 Sting                    Conj/Pois      #...         100%        1    ##.....
 Ensorcelled Hibernation  Hex/Ice        #.....       100%        2    ###....
 Poisonous Vapours        Pois/Air       #.....       100%        2    ###....
 Confuse                  Hex            #.......     100%        3    ####...
 Dazzling Spray           Conj/Hex       #.....       100%        3    ####...
 Mephitic Cloud           Conj/Pois/Air  #.......     100%        3    ####...
 Tukima's Dance           Hex            #.......     100%        3    ####...
 Olgreb's Toxic Radiance  Pois           #.......     100%        4    #####..
 Venom Bolt               Conj/Pois      #.........   100%        5    ######.


Dungeon Overview and Level Annotations

Branches:
Dungeon (13/15)            Temple (1/1) D:7            Lair (0/6) D:10
    Orc (0/2) D:11
 Vaults: D:13-14

Altars:
Ashenzari
Cheibriados
Dithmenos
Elyvilon
Fedhas
Gozag
Hepliaklqana
Kikubaaqudgha
Makhleb
Nemelex Xobeh
Okawaru
Qazlal
Ru
Sif Muna
Trog
Uskayaw
Vehumet
Wu Jian
Xom
Yredelemnul
Zin
The Shining One
Lugonu

Shops:
D:8 [}

Annotations:
D:13 Azrael


Message History

Your sixfirhy barely misses Azrael. x2
Your sixfirhy closely misses the fire elemental.
The fire elemental hits you. The fire elemental burns you!
The fire elemental closely misses you.
You slice Azrael!!
Azrael is severely wounded.
You slash the fire elemental! You hit the fire elemental.
You block Azrael's attack. The fire elemental hits you.
The fire elemental burns you! You block the fire elemental's attack.
You hit Azrael.
Azrael is almost dead.
You closely miss the fire elemental.
Your chain mail prevents you from hitting the fire elemental.
Visions of slaying Azrael flood into your mind.
The fire elemental hits you. The fire elemental burns you!
* * * LOW HITPOINT WARNING * * *
The fire elemental hits you. The fire elemental burns you!
* * * LOW HITPOINT WARNING * * *
Azrael hits you with a +0 scimitar of flaming!
You die...

#.......○.....# #
.#...#..<.#.# .#
......?.#.#.# ..#
.#.#.##..°#.###..#
$. #..°○[#....# #
#.####..°.....###
#......)E.......#
#.###..ERE.......
##$4@3)..#...
#...........
.............##
................
..............(.
................
................
..........$.....
.........##....


You could see Azrael, 3 fire elementals, a friendly ice devil and a friendly
sixfirhy.

Vanquished Creatures
  2 two-headed ogres
  Nergalle (D:12)
  An unseen horror (D:13)
  Pikel (D:6)
  The ghost of tidbits the Charmwright, a novice GnSk of Cheibriados (D:7)
  Joseph (D:9)
  A deep elf mage (D:13)
  A gargoyle (D:11)
  A troll (D:9)
  A hornet (D:10)
  A meliai zombie (D:12)
  A hippogriff (D:11)
  A wyvern (D:8)
  A shadow (D:12)
  A fire elemental (D:13)
  3 yaks (D:11)
  3 hungry ghosts
  4 vampire mosquitoes (D:12)
  An acid dragon (D:11)
  Menkaure (D:6)
  2 water moccasins
  4 orc warriors
  2 sky beasts
  An eye of draining (D:11)
  A necrophage (D:8)
  3 ogres
  A phantom (D:4)
  2 centaurs
  A big kobold (D:10)
  7 bullfrogs
  2 scorpions
  10 killer bees
  A howler monkey (D:6)
  An electric eel (D:10)
  5 crimson imps
  A bullfrog zombie (D:11)
  2 quasits
  4 hounds
  3 jellies
  2 orc priests
  A centaur skeleton (D:9)
  2 gnoll shamans
  Natasha (thrice) (D:2)
  8 iguanas
  9 orc wizards
  7 worker ants
  A statue (D:5)
  A worker ant zombie (D:5)
  15 adders
  12 gnolls
  A shadow imp (D:7)
  An ooze (D:4)
  An adder zombie (D:5)
  2 adder skeletons (D:5)
  3 worms (D:2)
  A dart slug (D:1)
  6 leopard geckos
  22 orcs
  3 ball pythons
  11 bats
  A giant cockroach (D:3)
  5 goblins
  12 hobgoblins
  2 jackals (D:2)
  9 kobolds
  5 quokkas
  6 frilled lizards
  2 giant cockroach zombies (D:5)
  A leopard gecko skeleton (D:4)
  A leopard gecko zombie (D:8)
  2 quokka zombies
  9 rats
248 creatures vanquished.

Vanquished Creatures (collateral kills)
  A komodo dragon (D:13)
  A wyvern (D:13)
  A hell hound (D:13)
  An orc priest (D:13)
  An orc (D:13)
5 creatures vanquished.

Vanquished Creatures (others)
  A sky beast (D:6)
  A bullfrog (D:6)
  A crimson imp (D:6)
  An adder (D:6)
  A giant cockroach (D:6)
5 creatures vanquished.

Grand Total: 258 creatures vanquished

Notes
Turn   | Place    | Note
-------+----------+-------------------------------------------
     0 | D:1      | Ijustatesigmund the Hill Orc Fighter began the quest for
                  | the Orb.
     0 | D:1      | Reached XP level 1. HP: 19/19 MP: 1/1
    85 | D:1      | Reached skill level 3 in Axes
   139 | D:1      | Reached XP level 2. HP: 26/26 MP: 2/2
   174 | D:1      | Reached skill level 4 in Axes
   460 | D:1      | Reached XP level 3. HP: 28/31 MP: 3/3
   749 | D:1      | Reached skill level 5 in Axes
   820 | D:2      | Noticed Natasha
  1043 | D:2      | Killed Natasha
  1043 | D:2      | Reached XP level 4. HP: 31/39 MP: 4/4
  1056 | D:2      | Reached skill level 6 in Axes
  1397 | D:2      | Noticed Natasha
  1406 | D:2      | Killed Natasha
  1408 | D:2      | Reached XP level 5. HP: 19/46 MP: 5/5
  1650 | D:2      | Noticed Natasha
  1660 | D:2      | Killed Natasha
  2214 | D:3      | Found a burning altar of Makhleb.
  2228 | D:3      | Gained mutation: Scrolls take you a little longer to read.
                  | [potion of mutation]
  2228 | D:3      | Gained mutation: Your movements are slightly less
                  | encumbered by armour. (ER -2) [potion of mutation]
  2228 | D:3      | Gained mutation: You have a somewhat thin skeletal
                  | structure. (Dex +2, Stealth) [potion of mutation]
  2389 | D:3      | Reached XP level 6. HP: 34/52 MP: 6/6
  2598 | D:3      | Found a shadowy altar of Dithmenos.
  3448 | D:4      | Noticed a phantom
  3466 | D:4      | Killed a phantom
  3466 | D:4      | Reached skill level 7 in Axes
  3533 | D:4      | Reached XP level 7. HP: 53/60 MP: 7/7
  3657 | D:4      | Reached skill level 1 in Dodging
  4123 | D:4      | Lost mutation: Scrolls take you a little longer to read.
                  | [potion of mutation]
  4123 | D:4      | Lost mutation: You have a somewhat thin skeletal structure.
                  | (Dex +2, Stealth) [potion of mutation]
  4123 | D:4      | Gained mutation: You tend to lose your temper in combat.
                  | [potion of mutation]
  4123 | D:4      | Gained mutation: You are agile. (Dex +2) [potion of
                  | mutation]
  4123 | D:4      | Gained mutation: Your mind is acute. (Int +2) [potion of
                  | mutation]
  4592 | D:5      | Entered Level 5 of the Dungeon
  5525 | D:5      | Found an ancient bone altar of Kikubaaqudgha.
  5527 | D:5      | Found a blossoming altar of Fedhas.
  5549 | D:5      | Reached XP level 8. HP: 56/67 MP: 8/8
  5892 | D:5      | Found a radiant altar of Vehumet.
  6321 | D:5      | Found a sacrificial altar of Ru.
  6704 | D:6      | Noticed Pikel
  6736 | D:6      | Killed Pikel
  6812 | D:6      | Noticed Menkaure
  6821 | D:6      | Killed Menkaure
  6821 | D:6      | Reached XP level 9. HP: 11/73 MP: 9/9
  7212 | D:6      | Found an ornate altar of the Wu Jian Council.
  7402 | D:6      | HP: 3/73 [orc warrior/+2 halberd of protection (20)]
  7408 | D:6      | Reached skill level 5 in Fighting
  8179 | D:6      | Reached skill level 8 in Axes
  8179 | D:6      | Reached skill level 5 in Armour
  8181 | D:6      | Reached skill level 5 in Shields
  8769 | D:7      | Found a basalt altar of Yredelemnul.
  8770 | D:7      | Found a staircase to the Ecumenical Temple.
  8771 | D:7      | Found an opulent altar of Gozag.
  8787 | D:7      | Found a hide-covered altar of Uskayaw.
  8789 | D:7      | Found a glowing golden altar of the Shining One.
  8790 | D:7      | Found a bloodstained altar of Trog.
  8790 | D:7      | Found a stormy altar of Qazlal.
  8790 | D:7      | Found a hazy altar of Hepliaklqana.
  8919 | D:7      | Found a transporter.
  8922 | D:7      | Identified the cursed +0 dire flail of Cag Beuk {distort,
                  | rN+ Dex+4 Stlth-}
  8922 | D:7      | Noticed a two-headed ogre
  8925 | D:7      | Found a transporter.
  8927 | D:7      | Noticed tidbits's ghost (novice GnSk)
  8975 | D:7      | Reached skill level 9 in Axes
  9048 | Temple   | Entered the Ecumenical Temple
  9114 | D:8      | Found an iron altar of Okawaru.
  9150 | D:8      | Found Lutwutuann's Gadget Boutique.
  9161 | D:8      | You fall through a shaft!
  9473 | D:8      | Found Kemirgh's Armour Emporium.
  9485 | D:8      | Bought a +0 shield of reflection for 136 gold pieces
 10088 | D:8      | Reached XP level 10. HP: 32/84 MP: 10/10
 10770 | D:8      | Reached skill level 10 in Axes
 11074 | D:8      | Bought a +2 pair of gloves for 264 gold pieces
 11957 | D:9      | Noticed Joseph
 11972 | D:9      | Killed Joseph
 12091 | D:10     | Entered Level 10 of the Dungeon
 12093 | D:10     | Noticed a six-headed hydra
 12095 | D:10     | Noticed a green ugly thing
 12095 | D:10     | Noticed an unseen horror
 12096 | D:10     | Noticed a death knight
 12096 | D:10     | Noticed a death knight
 12096 | D:10     | Noticed an eight-headed hydra
 12106 | D:10     | Noticed a wizard
 12224 | D:7      | Killed a two-headed ogre
 12224 | D:7      | Reached skill level 11 in Axes
 12231 | D:7      | Killed tidbits's ghost
 12332 | D:10     | Lost mutation: You tend to lose your temper in combat.
                  | [potion of mutation]
 12332 | D:10     | Lost mutation: You are agile. (Dex +2) [potion of mutation]
 12332 | D:10     | Lost mutation: Your mind is acute. (Int +2) [potion of
                  | mutation]
 12332 | D:10     | Lost mutation: Your movements are slightly less encumbered
                  | by armour. (ER -2) [potion of mutation]
 12332 | D:10     | Gained mutation: Your magical capacity is low. (-10% MP)
                  | [potion of mutation]
 12332 | D:10     | Lost mutation: Your magical capacity is low. (-10% MP)
                  | [potion of mutation]
 12375 | D:10     | Found a staircase to the Lair.
 13263 | D:11     | Reached XP level 11. HP: 94/94 MP: 11/11
 13265 | D:11     | Reached skill level 12 in Axes
 13784 | D:11     | Found a staircase to the Orcish Mines.
 14382 | D:12     | Noticed Nergalle
 14399 | D:12     | Killed Nergalle
 14790 | D:12     | Identified a scroll of acquirement
 14791 | D:12     | Found the +14 obsidian axe {chop, +Fly SInv *Curse}
 15230 | D:13     | Noticed a deep elf mage
 15241 | D:13     | Killed a deep elf mage
 15243 | D:13     | Reached skill level 13 in Axes
 15244 | D:13     | Noticed an unseen horror
 15247 | D:13     | Noticed Azrael
 15247 | D:13     | Noticed a two-headed ogre
 15253 | D:13     | Killed an unseen horror
 15255 | D:13     | Killed a two-headed ogre
 15262 | D:13     | Slain by Azrael

Vault maps used:
D:1:      ncdulo_smallfort, st_stairs_3, minmay_ruptured
D:2:      uniq_natasha
D:3:      grunt_dithmenos_smoke, makhleb_heckhound_becter, first_ration,
          corexii_corridor_pit
D:5:      grunt_temple_overflow_growth_and_decay, vehumet_statue,
          marbit_many_paths
D:6:      lemuel_crystal_altar, hangedman_decor_growths, uniq_pikel,
          uniq_menkaure
D:7:      grunt_temple_overflow_open, minmay_temple_entry_junction,
          gammafunk_ghost_smash
D:8:      kennysheep_little_box, serial_shops, shop, shop, st_stairs_14
D:9:      uniq_joseph
D:10:     lair_entry_dummy, blue_anna_alchemist, chequers_mini_garden,
          minmay_crystal_water, minivault_12
D:11:     orc_0_dummy
D:12:     uniq_nergalle
D:13:     uniq_azrael
Temple:   corrupted_temple

Skill      XL: |  1  2  3  4  5  6  7  8  9 10 11 |
---------------+----------------------------------+-----
Axes           | 3 4 5 6 7 9 11 13 | 13.2
Fighting       | 4 6 8 9 |  9.4
Armour         | 4 6 7 8 |  8.7
Shields        | 4 5 7 8 |  8.6
Dodging        | 4 7 |  7.1

Action                   |  1- 3 |  4- 6 |  7- 9 | 10-12 || total
-------------------------+-------+-------+-------+-------++-------
Melee: War axe           |   109 |   172 |   428 |    62 ||   771
       Flail             |       |     6 |    39 |       ||    45
       Hand axe          |       |       |       |   186 ||   186
       Broad axe         |       |       |       |    26 ||    26
Evoke: Wand              |       |       |       |     1 ||     1
  Use: Scroll            |     3 |     4 |     7 |     4 ||    18
       Potion            |       |     4 |     4 |     5 ||    13
 Stab: Sleeping          |       |     1 |       |       ||     1
  Eat: Chunk             |     1 |     8 |     9 |     6 ||    24
       Ration            |       |       |     6 |     3 ||     9
Armor: Scale mail        |    51 |    69 |    18 |       ||   138
       Skin              |       |     9 |       |       ||     9
       Chain mail        |       |       |   159 |    93 ||   252
Dodge: Dodged            |    39 |    48 |   220 |    91 ||   398
Block: Shield            |    56 |    92 |   270 |   130 ||   548
       Reflection        |       |       |     3 |     2 ||     5

Table legend:
 A = Non-vault XP
 B = Vault XP
 C = Vault XP percentage of total XP
 D = Non-vault monster count
 E = Vault monster count
 F = Vault count percentage of total count
                 A         B        C        D         E       F
            +---------+---------+-------+---------+---------+-------
      Total |   11744 |    4276 |  26.7 |     232 |      21 |   8.3
            +---------+---------+-------+---------+---------+-------
        D:1 |      45 |      11 |  19.6 |      27 |       6 |  18.2
        D:2 |     127 |      35 |  21.6 |      24 |       1 |   4.0
        D:3 |     128 |      42 |  24.7 |      21 |       1 |   4.5
        D:4 |     442 |       0 |   0.0 |      18 |       0 |   0.0
        D:5 |     606 |      69 |  10.2 |      20 |       2 |   9.1
        D:6 |    1088 |     798 |  42.3 |      21 |       2 |   8.7
        D:7 |     650 |    1612 |  71.3 |      15 |       3 |  16.7
        D:8 |    1081 |       1 |   0.1 |      25 |       1 |   3.8
        D:9 |     683 |     498 |  42.2 |      11 |       1 |   8.3
       D:10 |     480 |      95 |  16.5 |       6 |       1 |  14.3
       D:11 |    2023 |       0 |   0.0 |      16 |       0 |   0.0
       D:12 |    1752 |     804 |  31.5 |      16 |       1 |   5.9
       D:13 |    2639 |     311 |  10.5 |      12 |       2 |  14.3
            +---------+---------+-------+---------+---------+-------
